 Dungeon Crawl Stone Soup version 0.21.0-25-ge575cb9 (webtiles) character file.

725 stupendous the Shield-Bearer (level 8, -12/63 HPs)
             Began as a Formicid Fighter on Jan 25, 2018.
             Mangled by an ogre
             ... wielding a +0 giant club
              (24 damage)
             ... on level 5 of the Dungeon.
             The game lasted 00:07:22 (4872 turns).

stupendous the Shield-Bearer (Formicid Fighter)     Turns: 4872, Time: 00:07:23

Health: -12/63     AC:  8    Str: 31    XL:     8   Next: 2%
Magic:  8/8        EV:  9    Int:  7    God:
Gold:   168        SH: 11    Dex: 12    Spells: 7/7 levels left

rFire    . . .     SeeInvis +   a - +0 long sword
rCold    . . .     Gourm    .   c - +0 shield
rNeg     . . .     Faith    .   b - +0 scale mail
rPois    .         Spirit   .   (helmet unavailable)
rElec    .         Reflect  .   (no cloak)
rCorr    .         Harm     .   (no gloves)
MR       .....                  o - +0 pair of boots
Stlth    ..........             (no amulet)
HPRegen  0.20/turn              s - +4 ring of strength
MPRegen  0.11/turn              (no ring)

@: mighty
A: permanent stasis, dig shafts and tunnels, four strong arms, antennae 3
a: Dig, Shaft Self


You were on level 5 of the Dungeon.
You were not hungry.

You visited 2 branches of the dungeon, and saw 6 of its levels.

You collected 168 gold pieces.

Inventory:

Hand Weapons
 a - a +0 long sword (weapon)
Armour
 b - a +0 scale mail (worn)
 c - a +0 shield (worn)
 o - a +0 pair of boots (worn)
Jewellery
 s - a +4 ring of strength (left hand)
 u - an uncursed amulet of regeneration {unknown}
 v - the amulet of Sloth {Harm *Drain rF+ rC+ Slay+5, unknown}
   (You found it on level 4 of the Dungeon)

   [amulet of harm]

   It increases damage dealt and taken.
   It affects your accuracy and damage with ranged weapons and melee attacks
   (+5).
   It protects you from fire.
   It protects you from cold.
   It causes draining when unequipped.
Wands
 p - a wand of iceblast (7)
Scrolls
 g - a scroll of magic mapping {unknown}
 h - 4 scrolls of identify {unknown}
 j - 4 scrolls of remove curse {unknown}
 k - 2 scrolls of teleportation {unknown}
 l - 3 scrolls of fear {unknown}
 n - a scroll of noise {unknown}
 q - a scroll of fog {unknown}
Potions
 d - 2 potions of might
 e - a potion of brilliance {unknown}
 i - a potion of mutation {unknown}
 m - a potion of degeneration {unknown}
 r - a potion of resistance {unknown}
 t - a potion of haste {unknown}
Comestibles
 f - 9 rations
 w - 4 chunks of flesh


   Skills:
 + Level 5.6 Fighting
 + Level 4.5 Long Blades
 + Level 5.6 Armour
 - Level 6.0 Shields


You had 7 spell levels left.
You didn't know any spells.

Dungeon Overview and Level Annotations

Branches:
Dungeon (5/15)             Temple (1/1) D:4

Altars:
Ashenzari
Cheibriados
Elyvilon
Fedhas
Gozag
Makhleb
Qazlal
Ru
Trog
Uskayaw
Wu Jian
Xom
Yredelemnul


Innate Abilities, Weirdness & Mutations

You cannot be hasted, slowed, berserked, paralysed or teleported.
You can dig through walls and to a lower floor.
Your four strong arms can wield two-handed weapons with a shield.
You have a pair of large antennae on your head. (SInv)


Message History

An ogre comes into view. It is wielding a giant club.
You hit the ogre.
The ogre is lightly wounded.
The ogre hits you with a giant club!
You slash the ogre!
The ogre is moderately wounded.
The ogre hits you with a giant club!
You hit the ogre.
The ogre is heavily wounded.
The ogre hits you with a giant club!!
There is an open door here.
There is an open door here.
There is an open door here.
The ogre hits you with a giant club!
* * * LOW HITPOINT WARNING * * *
You feel very mighty all of a sudden.
You slash the ogre!
The ogre is severely wounded.
The ogre hits you with a giant club!!
You die...

###
#.####
#.@.<#
#O####
#.# #.#
#.# #.#
#####.#
#...#.#
#.#.#.#


You could see an ogre.

Vanquished Creatures
  The ghost of Calypsia the Gusty, an amateur TeAE (D:4)
  Blork the orc (D:5)
  2 howler monkeys
  2 hounds
  An orc priest (D:4)
  2 centaur skeletons (D:4)
  Jessica (D:3)
  3 worker ants
  Robin (D:4)
  4 gnolls
  6 adders
  An adder skeleton (D:4)
  A dart slug (D:2)
  2 worms (D:3)
  5 leopard geckos
  An orc (D:4)
  3 bats
  2 giant cockroaches
  12 goblins
  7 hobgoblins
  9 jackals
  A ball python (D:1)
  4 frilled lizards
  9 kobolds
  11 rats
92 creatures vanquished.

Notes
Turn   | Place    | Note
-------+----------+-------------------------------------------
     0 | D:1      | stupendous the Formicid Fighter began the quest for the Orb.
     0 | D:1      | Reached XP level 1. HP: 18/18 MP: 1/1
   149 | D:1      | Reached XP level 2. HP: 24/24 MP: 2/2
   509 | D:1      | Reached XP level 3. HP: 25/29 MP: 3/3
   536 | D:1      | Reached skill level 4 in Shields
   906 | D:2      | Found an ornate altar of the Wu Jian Council.
  1096 | D:2      | Reached XP level 4. HP: 36/37 MP: 4/4
  1322 | D:2      | Found a burning altar of Makhleb.
  1684 | D:3      | Reached XP level 5. HP: 42/42 MP: 5/5
  1878 | D:3      | Noticed Jessica
  1888 | D:3      | Killed Jessica
  2854 | D:4      | Found a sacrificial altar of Ru.
  2866 | D:4      | Noticed Calypsia's ghost (amateur TeAE)
  3240 | D:4      | Reached XP level 6. HP: 34/49 MP: 6/6
  3370 | D:4      | Got an ancient sapphire amulet
  3377 | D:4      | Noticed Robin
  3406 | D:4      | Killed Robin
  3463 | D:4      | Reached skill level 5 in Shields
  3810 | D:4      | Killed Calypsia's ghost
  3810 | D:4      | Reached skill level 5 in Fighting
  3810 | D:4      | Reached skill level 5 in Armour
  3810 | D:4      | Reached XP level 7. HP: 27/56 MP: 7/7
  4180 | D:4      | Found a stormy altar of Qazlal.
  4205 | D:4      | Found a staircase to the Ecumenical Temple.
  4284 | Temple   | Entered the Ecumenical Temple
  4689 | D:5      | Entered Level 5 of the Dungeon
  4701 | D:5      | Noticed Blork the orc
  4711 | D:5      | Killed Blork the orc
  4812 | D:5      | Reached skill level 6 in Shields
  4833 | D:5      | Reached XP level 8. HP: 59/63 MP: 8/8
  4872 | D:5      | Mangled by an ogre

Skill      XL: |  1  2  3  4  5  6  7 |
---------------+----------------------+-----
Shields        | 4 5 6 |  6.0
Fighting       | 4 5 |  5.6
Armour         | 4 5 |  5.6
Long Blades    | 3 4 |  4.5

Action                   |  1- 3 |  4- 6 |  7- 9 || total
-------------------------+-------+-------+-------++-------
Melee: Long sword        |   125 |   197 |    73 ||   395
 Abil: Dig               |       |     4 |     1 ||     5
  Use: Potion            |       |       |     1 ||     1
  Eat: Chunk             |     1 |     9 |     4 ||    14
Armor: Scale mail        |    69 |    75 |    22 ||   166
Dodge: Dodged            |    60 |    48 |    17 ||   125
Block: Shield            |    73 |   118 |    38 ||   229
       Rpst.: Long sword |    13 |    17 |     7 ||    37
